[Event "Reykjavik Open 2025"]
[Site "Reykjavik"]
[Date "2025.04.14"]
[Round "8.5"]
[White "Gupta, Abhijeet"]
[Black "Prraneeth Vuppala"]
[Result "1-0"]
[Annotator "TA"]
[ECO "D37"]
[WhiteElo "2576"]
[BlackElo "2433"]
[PlyCount "77"]
[EventDate "2025.04.09"]
[EventType "swiss"]
[EventCountry "ISL"]
[SourceTitle "playchess.com"]
[Source "ChessBase"]
[SourceQuality "1"]
[TimeControl "40/5400+30:1800+30"]

1. d4 d5 2. c4 e6 3. Nc3 Nf6 4. Nf3 h6 5. Bf4 Bb4 6. e3 {[%emt 0:08:35] D37: Queen's Gambit Declined: 5 Bf4.} O-O 7. Qc2 c5 8. a3 {[%emt 0:03:19] White is slightly better.} Bxc3+ 9. bxc3 Nc6 10. Be2 $5 $146 {[%emt 0:02:54][%mdl 8] New and interesting.} (10. h3 Na5 11. cxd5 exd5 12. dxc5 Ne4 13. Be2 Bf5 14. Bd3 Rc8 15. Be5 Rxc5 16. O-O {0-1 Mikkelsen,P-Sharif,M Olympiad-20 Preliminaries H 1972 (5)}) 10... Re8 11. O-O Qa5 12. Rfc1 Nd7 (12... b6 $14) 13. Bg3 {[%emt 0:01:45] A sharp opening} Nb6 14. Nd2 dxc4 15. Bc7 {[%emt 0:04:33] White is more active.} Qa4 16. Bxb6 ({Resist} 16. dxc5 Qxc2 17. Rxc2 Na4 $16) 16... Qxc2 17. Rxc2 axb6 18. Nxc4 cxd4 19. cxd4 b5 20. Nb6 Ra6 21. Nxc8 Rxc8 22. Bxb5 Ra5 23. a4 Na7 24. Rxc8+ Nxc8 $16 {[%emt 0:00:41][%mdl 4096] Endgame KRB-KRN. White is a pawn up.} 25. Rb1 Nd6 26. g4 Nxb5 27. axb5 {[%emt 0:00:04] KR-KR. White is a pawn up.} (27. Rxb5 Rxa4 28. h4 (28. Rxb7 e5 $14) 28... Kf8 $14) 27... b6 28. h4 Ra4 29. Kh2 e5 30. Rd1 Rb4 {[%emt 0:01:17] This move loses the game for Black.} (30... exd4 $16 31. Rxd4 Ra2) 31. dxe5 $18 Rxg4 $2 (31... Kf8 32. Rd8+ Ke7) 32. Rd4 Rg6 33. f4 {[%emt 0:00:13] [#]} Re6 34. Rd8+ Kh7 35. Rd6 Re7 36. Rxb6 f6 37. e6 {[%emt 0:00:26] [#] aiming for f5.} f5 38. h5 {[%emt 0:00:11] White threatens Rc6 and mate.} g5 39. Rd6 {[%emt 0:00:05] Weighted Error Value: White=0.06 (flawless) /Black=0.72  Mistake:       	---       	Black=3      Inaccurate:     	White=1     	Black=4      OK:         	White=12    	Black=16     Best:        	White=2     	Black=1} 1-0

[Event "Reykjavik Open 2025"]
[Site "Reykjavik"]
[Date "2025.04.14"]
[Round "8.6"]
[White "Draskovic, Luka"]
[Black "Amar, Elham"]
[Result "0-1"]
[Annotator "TA"]
[ECO "A13"]
[WhiteElo "2488"]
[BlackElo "2546"]
[PlyCount "108"]
[EventDate "2025.04.09"]
[EventType "swiss"]
[EventCountry "ISL"]
[SourceTitle "playchess.com"]
[Source "ChessBase"]
[SourceQuality "1"]
[TimeControl "40/5400+30:1800+30"]

1. c4 e6 2. g3 d5 3. Bg2 dxc4 4. Qa4+ Nd7 5. Qxc4 a6 6. Qc2 {[%emt 0:19:22] A13: English Opening: 1...e6.} Ngf6 7. Nc3 Ra7 8. a4 {[%emt 0:08:04] White is slightly better.} b6 9. Nf3 Bb7 10. O-O c5 11. d3 Be7 12. e4 O-O 13. h3 (13. Rd1 $142) 13... Nb8 $146 (13... Qa8 14. b3 Nb8 15. Ne5 Nc6 16. Nxc6 Bxc6 17. Be3 Rd7 18. Nd1 Rc7 19. Nb2 Nd7 {1-0 Supi,L (2581)-Carrillo Parra,M (2251) American Continental 18th 2024 (8)}) 14. Rd1 Nc6 {[%emt 0:00:10] Against d4} 15. Be3 e5 16. Qb3 Nd4 17. Qa2 Nc2 18. Rac1 (18. Nxe5 $5 Nxe3 19. fxe3 $11) 18... Nxe3 19. fxe3 Bd6 20. Rf1 Ra8 21. Nh4 g6 22. Kh2 Bc8 (22... b5 23. Qb3 Bc6 24. Rf2 b4) 23. Nf3 Be6 24. Qb1 Rb8 25. Nd2 h5 26. Kh1 Bc7 27. Rf2 b5 28. axb5 axb5 29. Rcf1 b4 30. Na4 Nd7 31. b3 Qg5 32. Rf3 Bd6 33. h4 Qh6 34. Qe1 (34. Nc4 $11 {remains equal.} Be7 35. Qc2) 34... Be7 $17 35. Kh2 g5 {[%emt 0:02:02] Black is more active.} 36. Nc4 Bg4 37. Rf5 Bxf5 38. hxg5 (38. Rxf5 $142 Rb7 39. Qf2) 38... Bxg5 39. Rxf5 f6 40. Bh3 {[%emt 0:00:12][%cal Of5g5] [#]} Rfd8 (40... h4 $1 $17 41. Kg2 Rfd8 42. gxh4 Bxh4) 41. Rf3 (41. Rf1 $11 {was preferable.}) 41... Nf8 (41... h4 {feels hotter.} 42. gxh4 Bxh4 43. Qe2 Nf8) 42. Qe2 h4 43. Nxc5 hxg3+ 44. Rxg3 Rb5 45. Na4 {[%emt 0:00:00] [#]} (45. d4 $142 exd4 46. exd4) 45... Rb7 $1 46. Nab6 Rg7 47. Nd5 Rdd7 (47... Kh8 $17 {aiming for ...Ne6.} 48. Nxb4 Ne6) 48. Nd2 (48. Qf3 $15) 48... Bh4 {[%emt 0:00:00] Chess con chili.} 49. Rg4 (49. Rg1 $17) 49... f5 $19 50. Rxg7+ (50. Rg1 {is a better defense.}) 50... Rxg7 51. Nf1 {[%emt 0:00:00] Against Bg3+} f4 52. exf4 exf4 53. Qf3 Qg5 54. Bg2 Ne6 {[%emt 0:00:00] Weighted Error Value: White=0.28 (precise) /Black=0.17 (very precise)   Mistake:       	White=8     	Black=2      Inaccurate:     	White=4     	Black=3      OK:         	White=14    	Black=20     Strong:       	---       	Black=1} 0-1

[Event "Reykjavik Open 2025"]
[Site "Reykjavik"]
[Date "2025.04.14"]
[Round "8.7"]
[White "Kadric, Denis"]
[Black "Garifullina, Leya"]
[Result "1/2-1/2"]
[Annotator "TA"]
[ECO "B23"]
[WhiteElo "2533"]
[BlackElo "2459"]
[PlyCount "80"]
[EventDate "2025.04.09"]
[EventType "swiss"]
[EventCountry "ISL"]
[SourceTitle "playchess.com"]
[Source "ChessBase"]
[SourceQuality "1"]
[TimeControl "40/5400+30:1800+30"]

1. e4 c5 2. Nc3 d6 3. Bb5+ Bd7 4. a4 Nc6 5. d3 a6 6. Bxc6 {[%emt 0:00:14] B23: Closed Sicilian: Lines without g3.} Bxc6 7. a5 e6 $146 (7... Nf6 8. f4 d5 9. Qe2 e6 10. Nf3 c4 11. O-O cxd3 12. cxd3 Bb4 13. e5 Ng4 {½-½ Balashov,Y (2408)-Sjugirov,S (2654) EU-ch 18th Minsk 2017 (1)}) 8. Nf3 Nf6 9. O-O Be7 10. Re1 O-O 11. h3 Rc8 12. b3 e5 13. Bd2 Nd7 14. Nd5 f5 15. c4 Qe8 16. b4 {[%emt 0:04:46] And now Nxe7+ would win.} Bd8 17. bxc5 (17. Qe2 Qe6 18. Bc3 Qg6 19. Rac1) 17... fxe4 18. dxe4 Bxd5 19. exd5 Nxc5 20. Be3 Qg6 {[%emt 0:05:58] [#]} 21. Qb1 Nd3 (21... Rxf3 22. Qxg6 hxg6 23. gxf3 $16) 22. Rd1 e4 (22... Rxf3 23. Qxd3 (23. Rxd3 Rxc4 24. Qxb7 h6 $11) 23... e4 24. Qb1 Rxc4 25. Qxb7 Rxe3 26. Qd7 (26. fxe3 Rc2 $11)) 23. Nd2 Qf5 {[%emt 0:08:57][%cal Rd3f2] [#]} 24. Nxe4 $1 Qxe4 25. Rxd3 {[%emt 0:02:07] White wants to play Rd1.} Rxc4 26. Rb3 Qxd5 (26... Bf6 {simplifies} 27. Qxe4 Rxe4 28. Rab1 Ra4) 27. Rxb7 Bf6 28. Ra3 Rfc8 29. Rb8 (29. Rb6 $14) 29... Be5 (29... Rxb8 $1 $11 {feels stronger.} 30. Qxb8+ Kf7) 30. g3 Qe6 31. Kg2 d5 {[%emt 0:01:04] The position is equal.} (31... Qd5+ {seems wilder.} 32. Kh2 h5 33. Ra4 Rxb8 34. Qxb8+ Kf7) 32. Rxc8+ Rxc8 33. Qb6 Rc6 34. Qd8+ {[%emt 0:01:37] Counterplay Black} Kf7 35. Bd2 Bf6 36. Qa8 Rc2 37. Re3 {[%emt 0:00:17] Chess con chili.} Qc6 {[%emt 0:01:44] Successful Defense Black Prevents Qb7+.} 38. Qxc6 Rxc6 39. Rb3 Ke6 40. Kf3 Bd8 {[%emt 0:00:56] Weighted Error Value: White=0.08 (flawless) /Black=0.07 (flawless)   Mistake:       	White=1     	Black=1      Inaccurate:     	White=4     	Black=3      OK:         	White=17    	Black=17     Best:        	White=1     	Black=1} 1/2-1/2

[Event "Reykjavik Open 2025"]
[Site "Reykjavik"]
[Date "2025.04.14"]
[Round "8.8"]
[White "Cornette, Matthieu"]
[Black "Bekker, Stefan"]
[Result "1-0"]
[Annotator "TA"]
[ECO "B94"]
[WhiteElo "2528"]
[BlackElo "2358"]
[PlyCount "51"]
[EventDate "2025.04.09"]
[EventType "swiss"]
[EventCountry "ISL"]
[SourceTitle "playchess.com"]
[Source "ChessBase"]
[SourceQuality "1"]
[TimeControl "40/5400+30:1800+30"]

1. e4 c5 2. Nf3 d6 3. d4 cxd4 4. Nxd4 Nf6 5. Nc3 a6 6. Bg5 Nbd7 7. a3 Qc7 8. Qd2 e6 9. f3 {[%emt 0:01:12] White has an edge.} Be7 10. g4 h5 11. gxh5 Rxh5 12. h4 b5 13. O-O-O Rb8 14. Kb1 Ne5 (14... b4 $11 {keeps the balance.} 15. axb4 Rxb4) 15. f4 $16 Nc4 16. Bxc4 (16. Qe1 $14) 16... bxc4 $11 17. Ka1 (17. e5 $14) 17... Qa5 $2 {[%emt 0:04:30][%mdl 8192] [#] This costs Black the game.} (17... Qb7 $11 18. Rb1 Nxe4 19. Nxe4 Qxe4) 18. Nc6 $18 Nxe4 19. Nxe4 {[%emt 0:01:38] Excellent horsemanship.} Qxd2 20. Rxd2 Bb7 21. Bxe7 Bxc6 22. Bxd6 c3 (22... Bxe4 $2 {is the wrong capture.} 23. Re1 $18) (22... Rd8 {was worth a try.} 23. Re1 Ba8) 23. bxc3 {[%emt 0:01:02] White is clearly winning.} ({Resist} 23. Nxc3 Rxb2 24. Rg1 Rb7 25. Rxg7 f6) 23... Rd8 ({Don't play} 23... Bxe4 24. Re1) 24. Re1 Rxh4 25. Nc5 Rh5 26. Nxa6 {[%emt 0:01:50] Weighted Error Value: White=0.33/Black=0.56.  Loses game:     	---       	Black=1      Mistake:       	White=2     	Black=2      Inaccurate:     	White=3     	Black=3      OK:         	White=10    	Black=5      Best:        	---       	Black=2} 1-0

[Event "Reykjavik Open 2025"]
[Site "Reykjavik"]
[Date "2025.04.14"]
[Round "8.9"]
[White "Ivic, Velimir"]
[Black "Song, Yuxin"]
[Result "1-0"]
[Annotator "TA"]
[ECO "A50"]
[WhiteElo "2623"]
[BlackElo "2371"]
[PlyCount "137"]
[EventDate "2025.04.09"]
[EventType "swiss"]
[EventCountry "ISL"]
[SourceTitle "playchess.com"]
[Source "ChessBase"]
[SourceQuality "1"]
[TimeControl "40/5400+30:1800+30"]

1. d4 Nf6 2. c4 e6 3. Bf4 Bb4+ 4. Nd2 c5 5. dxc5 Bxc5 6. e3 {[%emt 0:00:28] A50: Queen's Fianchetto Defence (1 d4 Nf6 2 c4 b6).} Nc6 7. Ngf3 O-O 8. Be2 {[%emt 0:02:40] The position is equal.} Re8 $146 (8... d5 9. O-O b6 10. cxd5 Nxd5 11. Bg3 Bxe3 12. fxe3 Nxe3 13. Qa4 Nxf1 14. Bxf1 Bb7 {1-0 Praggnanandhaa,R (2688)-Suleymanli,A (2549) Wch Rapid New York 2024 (8)}) 9. h3 b6 10. a3 Bb7 11. O-O h6 12. Bg3 Rc8 13. Rc1 Be7 14. Qa4 d6 15. Rfd1 Qd7 {[%emt 0:03:35][%cal Oc6d4] and ...Nd4! would now be decisive} 16. Qc2 Red8 17. b4 Qe8 18. Qb1 Nb8 19. Nd4 Nc6 20. Nb5 a6 21. Nc3 Ne5 22. f4 (22. c5 Nfd7 23. cxd6 Bxd6 24. Nde4) 22... Ng6 23. Bd3 (23. e4 $14) 23... Rc7 24. Ne2 Bf8 25. Bf2 Rdc8 26. e4 Nd7 (26... b5 $11) 27. Nf3 Be7 28. Qb2 Bf6 29. Qd2 Ngf8 30. Ng3 Nh7 31. Re1 Be7 32. Rcd1 Ra8 33. Qe2 (33. e5 dxe5 34. fxe5 a5 35. Nd4) 33... a5 34. Nd4 {[%emt 0:02:24][%cal Bf3d4,Bd4b5,Bb5c3][%mdl 32] Hoping for e5.} axb4 35. axb4 Rcc8 36. Nb5 Nhf8 37. Qb2 Ng6 (37... Ba6 $14) 38. Bf1 $16 Qf8 39. Be3 (39. Nh5 $16) 39... Ra4 40. Nc3 (40. Nh5 {keeps more tension.} d5 41. exd5 exd5 42. Bd4) 40... Raa8 41. Kh2 Ba6 42. Qb3 Qd8 43. Nb5 {[%emt 0:04:55] Inhibits Qc7.} Bxb5 44. cxb5 Ngf8 {[%emt 0:02:59] [#]} (44... Bh4 $11 {remains equal.}) 45. Ne2 $1 Nf6 46. Nc3 Qc7 47. Rc1 Qb7 {[%emt 0:00:13] Against Nd5} 48. Bd3 N8d7 49. Bd4 e5 50. fxe5 Nxe5 51. Bxe5 dxe5 52. Bc4 Rf8 (52... Kh8 $14) 53. Bd5 Nxd5 54. Nxd5 Bd8 {[%emt 0:02:31][%cal Be7d8,Bd8g5,Bg5f4][%mdl 32] Dodges Rc7. Black is weak on the light squares} 55. Rf1 ({White should play} 55. Rc6 $16) 55... Rc8 $14 56. Rc4 {[%emt 0:01:13] White has more active pieces.} Bg5 57. Rc3 Rxc3 58. Qxc3 Bf4+ 59. g3 Bg5 60. h4 $36 {[%emt 0:02:16][%cal Bh3h4,Bh4g5,Bg5g6][%mdl 2080] Black is under strong pressure.} Rc8 $2 {[%emt 0:00:46][%mdl 8192] White has space advantage and is better} (60... Bd8 $16) 61. Qxe5 $18 Rc2+ 62. Kg1 Qd7 (62... Bf6 $142 63. Qe8+ (63. Nxf6+ gxf6 64. Rxf6 Qd7 $18) 63... Kh7 64. Nxf6+ gxf6 65. Rxf6 Rc1+ 66. Kf2 Rc2+ 67. Kf3 Kg7) 63. hxg5 Qh3 64. Qe8+ (64. Nxb6 $2 Qh2#) 64... Kh7 65. g6+ $1 {[%emt 0:00:05] White mates.} (65. Rxf7 $2 Qg2#) 65... fxg6 {[%emt 0:00:13] [#]} 66. Nf6+ $1 gxf6 67. Qf7+ Kh8 68. Qxf6+ Kh7 69. Qe7+ {[%emt 0:00:04] Weighted Error Value: White=0.14 (very precise) /Black=0.26 (precise)   Loses game:     	---       	Black=1      Mistake:       	White=3     	Black=5      Inaccurate:     	White=9     	Black=9      OK:         	White=22    	Black=22     Best:        	White=5     	---        Strong:       	White=1     	---} 1-0

[Event "Reykjavik Open 2025"]
[Site "Reykjavik"]
[Date "2025.04.14"]
[Round "8.10"]
[White "Ruiz Buendia, Miguel"]
[Black "Jacobson, Brandon"]
[Result "0-1"]
[Annotator "TA"]
[ECO "C54"]
[WhiteElo "2353"]
[BlackElo "2570"]
[PlyCount "72"]
[EventDate "2025.04.09"]
[EventType "swiss"]
[EventCountry "ISL"]
[SourceTitle "playchess.com"]
[Source "ChessBase"]
[SourceQuality "1"]
[TimeControl "40/5400+30:1800+30"]

1. e4 e5 2. Nf3 Nc6 3. Bc4 Bc5 4. c3 Nf6 5. d4 exd4 6. e5 d5 7. Bb5 Ne4 8. cxd4 Bb6 9. Nc3 O-O 10. Be3 {[%emt 0:00:14] C54: Giuoco Piano: 4 c3 Nf6, main lines with 5 d4 and 5 d3.} Bd7 11. Bxc6 (11. Nxd5 Ba5+ (11... Nxe5 12. Bxd7 Nxd7 13. O-O $11) 12. Kf1 Nxe5 13. Bxd7 Nxd7 $15) 11... Bxc6 12. O-O {[%emt 0:01:50] The position is equal.} f5 $146 (12... Qd7 13. a4 Ba5 14. Ne2 f6 15. Nf4 Bb4 16. Nd3 Be7 17. b4 a6 18. Qb3 Kh8 {½-½ Nihal,S (2656)-Godena,M (2442) Cannes op 35th 2022 (7)}) 13. exf6 Nxf6 14. a4 {[%emt 0:08:29] aiming for a5.} a5 15. Ne5 Qd6 16. Nxc6 bxc6 17. Rc1 Rab8 18. h3 Ba7 19. Rc2 Qb4 20. Qd3 Ne8 21. b3 Nd6 22. Rb1 Nf5 23. Ne2 Nxe3 24. fxe3 Rf6 25. Rc3 Re8 26. Rbc1 Rfe6 27. Qc2 $2 (27. Qf5 $1 $11 {and White is okay.}) 27... Qe7 (27... Rxe3 28. Rxe3 Bxd4 (28... Rxe3 29. Qxc6 Qb8 30. Qxd5+ Kh8 31. Nf4 $16) 29. Kh1 (29. Nxd4 Qxd4 30. Kh1 Rxe3 $17) 29... Bxe3 (29... Rxe3 30. Qxc6 Kf8 31. Qa8+ Ke7 32. Qxd5 $14) 30. Qxc6 $15) (27... h6 $1 $19 28. Qd1 Bb6 (28... Rxe3 29. Rxe3 Rxe3 30. Rxc6 $19)) 28. Ng3 {[%emt 0:04:06] [#]} (28. Kh1 $17) 28... Qg5 $1 $19 (28... Rxe3 29. Nf5 Re1+ 30. Kh2 $15) 29. Nf1 {[%emt 0:01:30] [#]} Bxd4 $1 {[%emt 0:00:22][%cal Re6e3] ...Rxe3 would now be deadly.} 30. Rxc6 $2 {[%emt 0:02:00] White is weak on the dark squares} (30. exd4 $2 {is the wrong capture.} Re2 31. Rg3 Rxc2 32. Rxc2 Qf4) (30. Rd3 Bb6 (30... Bxe3+ 31. Nxe3 Rxe3 32. Qxc6 $11) 31. Rcd1) 30... Rxe3 {[%emt 0:00:21] Black is clearly winning.} (30... Bxe3+ 31. Nxe3 Qxe3+ (31... Rxe3 32. Qd2 $15) 32. Qf2 $15) 31. Nxe3 Bxe3+ 32. Kh2 Bf4+ 33. Kg1 Bxc1 34. Qxc1 Qg3 35. Kf1 {[%emt 0:00:33] Wards off Re1+} Rf8+ (35... Qxb3 36. Rxc7 Qxa4 37. Qc3 $15) 36. Kg1 Rf2 {[%emt 0:00:05] Weighted Error Value: White=0.80/Black=0.05 (flawless)   Loses game:     	White=1     	---        Mistake:       	White=2     	Black=1      Inaccurate:     	White=1     	Black=2      OK:         	White=7     	Black=7      Best:        	White=1     	Black=2      Strong:       	---       	Black=2} ({Weaker is} 36... Qxb3 37. Rxc7 Qxa4 38. Qc3 $15) 0-1

[Event "Reykjavik Open 2025"]
[Site "Reykjavik"]
[Date "2025.04.14"]
[Round "8.11"]
[White "Ragnarsson, Dagur"]
[Black "Maze, Sebastien"]
[Result "0-1"]
[Annotator "RC"]
[ECO "B12"]
[WhiteElo "2352"]
[BlackElo "2557"]
[PlyCount "152"]
[EventDate "2025.04.09"]
[EventType "swiss"]
[EventCountry "ISL"]
[SourceTitle "playchess.com"]
[Source "ChessBase"]
[SourceQuality "1"]
[TimeControl "40/5400+30:1800+30"]

1. e4 c6 2. d4 d5 3. e5 Bf5 4. c4 e6 5. Nc3 Ne7 6. h3 h6 7. Nf3 Nd7 8. b3 Rc8 9. Be2 Ng6 10. a3 Nh4 11. Nxh4 Qxh4 12. g3 Qd8 13. c5 Be7 14. h4 O-O 15. g4 Bg6 16. g5 hxg5 17. hxg5 Bxg5 18. f4 Bh6 19. Bd3 Bxd3 20. Qxd3 f5 21. Ra2 Kf7 22. Rg2 Rh8 23. Qg3 Qf8 24. Ne2 Ke7 25. Qh4+ Ke8 26. Ng1 Qe7 27. Qh5+ Kd8 28. b4 Kc7 29. Qe2 Kb8 30. Rh3 Qf7 31. a4 Ka8 32. Nf3 Rc7 33. Ng5 Qe8 34. Rgh2 Rg8 35. Nf3 b6 36. Bd2 Qb8 37. Rg2 Re8 38. Rg6 Rb7 39. Qa6 bxc5 40. dxc5 Rxb4 41. Qxc6+ Qb7 42. Rxe6 Qxc6 43. Rxc6 Rc4 44. Rh5 Nxc5 45. Rxc5 Rxc5 46. Rxf5 Rcc8 47. Nd4 g6 48. Rf6 Rf8 49. Rxf8 Bxf8 50. a5 Rc4 51. Ne6 Be7 52. Ke2 Kb7 53. Kd3 a6 54. Nd4 Bc5 55. Nf3 Kc6 56. Ng5 Be7 57. Nf3 Kd7 58. Nd4 Bc5 59. Nf3 Bb4 60. Bxb4 Rxb4 61. Nd4 Ra4 62. Kc3 Rc4+ 63. Kd3 Rc1 64. Nb3 Rc4 65. Nd4 Ke7 66. Ke3 Rc3+ 67. Kd2 Ra3 68. Kc2 Kf7 69. Nb3 Ra4 70. Kd3 Rxf4 71. Nc5 g5 72. Nxa6 Ke6 73. Nc5+ Kxe5 74. a6 Rf3+ 75. Kc2 Ra3 76. Kb2 Ra5 0-1

[Event "Reykjavik Open 2025"]
[Site "Reykjavik"]
[Date "2025.04.14"]
[Round "8.12"]
[White "Friedel, Joshua"]
[Black "Li, Guohao"]
[Result "1-0"]
[Annotator "TA"]
[ECO "E94"]
[WhiteElo "2552"]
[BlackElo "2356"]
[PlyCount "71"]
[EventDate "2025.04.09"]
[EventType "swiss"]
[EventCountry "ISL"]
[SourceTitle "playchess.com"]
[Source "ChessBase"]
[SourceQuality "1"]
[TimeControl "40/5400+30:1800+30"]

1. c4 d6 2. d4 e5 3. Nc3 Nd7 4. Nf3 Ngf6 5. e4 g6 6. Be2 Bg7 7. O-O O-O 8. Qc2 exd4 9. Nxd4 Re8 10. Rd1 c6 11. Bf4 {[%emt 0:05:04] E94: King's Indian: Classical: 6 Be2 e5 7 0-0: Various Black 7th moves.} Nc5 12. Bf3 $146 (12. f3 Nh5 13. Be3 Qe7 14. b4 Ne6 15. Qd2 Nhf4 16. Bf1 Nxd4 17. Bxd4 Be5 18. Rac1 Ne6 {0-1 Lobo,R (2262)-Naroditsky,D (2419) Berkeley op 2011 (3)}) 12... Bg4 13. Bxg4 {[%emt 0:02:56] The position is equal.} (13. e5 {seems wilder.} dxe5 14. Nxc6 Qb6 15. Nxe5 Bf5 16. Qc1) 13... Nxg4 14. Bg3 Nf6 15. f3 Nh5 16. Bf2 Qe7 17. Rab1 a6 18. b4 Ne6 19. Nxe6 Qxe6 20. Ne2 Rad8 21. g4 Nf6 22. Bg3 h5 23. h3 hxg4 24. hxg4 Nxg4 25. Nf4 $1 (25. fxg4 Qxg4 26. Rd3 Rxe4 $19) 25... Qc8 26. fxg4 Qxg4 27. Qg2 g5 (27... Rd7 $11) 28. Nh3 $1 $16 Qxe4 (28... Rxe4 $2 29. Nf2 $18) 29. Nxg5 (29. Bxd6 Bd4+ (29... Qxc4 30. Nxg5 Re2 31. Qg3 $16) (29... Rxd6 $2 30. Qxe4 Rxd1+ 31. Rxd1 $19) 30. Kh1 Rxd6 $19) 29... Qg4 30. Bf2 (30. Bxd6 $6 Bd4+ (30... Qxc4 $2 31. Bc5 $18) 31. Rxd4 Qxd4+ 32. Kh1 Qh4+ (32... Qxd6 33. Ne6+) 33. Nh3+ Kh8 $11) 30... Qxc4 {[%emt 0:00:30] [#]} (30... Qxg2+ $16 31. Kxg2 Bh6) 31. Re1 ({White should play} 31. Rb3 $1 $18 ) 31... Qxa2 {[%emt 0:03:53] [#]} 32. Qg4 (32. Rbd1 $1 $16) 32... f6 $2 {[%emt 0:14:09][%mdl 8192] This costs Black the game.} (32... Qc2 $1 $11 {and Black is okay.}) 33. Ne6 $18 Rd7 (33... Rxe6 34. Qxe6+ Qxe6 35. Rxe6 Kf7) 34. Nd4 {[%emt 0:01:18][%csl LRd7,LRe8] White is clearly winning.} Re5 {[%emt 0:04:59] and ...Rg5 would now be decisive} 35. Qxd7 Rg5+ 36. Kf1 {[%emt 0:00:13] Weighted Error Value: White=0.13 (very precise) /Black=0.77  Loses game:     	---       	Black=1      Mistake:       	White=2     	Black=3      Inaccurate:     	White=1     	Black=3      OK:         	White=7     	Black=7      Best:        	White=1     	Black=1      Strong:       	White=2     	---} 1-0

[Event "Reykjavik Open 2025"]
[Site "Reykjavik"]
[Date "2025.04.14"]
[Round "8.13"]
[White "Papp, Gabor"]
[Black "Migot, Tangi"]
[Result "1-0"]
[Annotator "RC"]
[ECO "C55"]
[WhiteElo "2502"]
[BlackElo "2347"]
[PlyCount "83"]
[EventDate "2025.04.09"]
[EventType "swiss"]
[EventCountry "ISL"]
[SourceTitle "playchess.com"]
[Source "ChessBase"]
[SourceQuality "1"]
[TimeControl "40/5400+30:1800+30"]

1. e4 e5 2. Nf3 Nc6 3. Bc4 Nf6 4. d3 Be7 5. O-O O-O 6. Re1 d6 7. a4 Be6 8. Bxe6 fxe6 9. Nbd2 a5 10. c3 Qe8 11. Qb3 Nd8 12. d4 exd4 13. Nxd4 Qf7 14. N2f3 Nd7 15. Qc2 Qg6 16. Qe2 c6 17. b3 Nf7 18. Ba3 Rfe8 19. Rad1 Bf8 20. c4 Rad8 21. h3 d5 22. Bxf8 Nxf8 23. exd5 cxd5 24. Nb5 dxc4 25. Qxc4 Rc8 26. Qf4 Qf5 27. Qxf5 exf5 28. Rxe8 Rxe8 29. Rd5 g6 30. Na3 b6 31. Nc4 Re6 32. Nd4 Rf6 33. f4 Kg7 34. Kf2 Nh6 35. Kf3 Ng8 36. Nd6 Kh8 37. Nc8 Kg7 38. Rd8 Kf7 39. Nd6+ Ke7 40. Nc6+ Ke6 41. Ne8 Rf7 42. Rd6# 1-0

[Event "Reykjavik Open 2025"]
[Site "Reykjavik"]
[Date "2025.04.14"]
[Round "8.14"]
[White "Kilic, Eray"]
[Black "Borne, Felix"]
[Result "1/2-1/2"]
[Annotator "RC"]
[ECO "B45"]
[WhiteElo "2473"]
[BlackElo "2225"]
[PlyCount "84"]
[EventDate "2025.04.09"]
[EventType "swiss"]
[EventCountry "ISL"]
[SourceTitle "playchess.com"]
[Source "ChessBase"]
[SourceQuality "1"]
[TimeControl "40/5400+30:1800+30"]

1. e4 c5 2. Nf3 Nc6 3. d4 cxd4 4. Nxd4 Nf6 5. Nc3 e6 6. Be2 d5 7. exd5 exd5 8. O-O Bd6 9. Bf3 O-O 10. Ndb5 d4 11. Nxd6 dxc3 12. bxc3 Qa5 13. c4 Rd8 14. Bf4 Ne8 15. Re1 Nxd6 16. Bxd6 Be6 17. c5 Rac8 18. Be4 b6 19. Qh5 h6 20. Red1 bxc5 21. Qxc5 Qa4 22. Qe3 Nb4 23. Qf4 Qd7 24. Qe5 Nxc2 25. Rac1 Na3 26. Rxc8 Rxc8 27. Bd3 Nc4 28. Bxc4 Bxc4 29. h3 Qe6 30. Qg3 Bxa2 31. Be5 f6 32. Bf4 Kh7 33. Rd6 Qf5 34. Ra6 Bd5 35. Rxa7 Qg6 36. Qxg6+ Kxg6 37. Kh2 h5 38. Be3 Rb8 39. Re7 Bf7 40. Kg3 Re8 41. Rc7 Bd5 42. Rc5 Be6 1/2-1/2

[Event "Reykjavik Open 2025"]
[Site "Reykjavik"]
[Date "2025.04.14"]
[Round "8.15"]
[White "Haug, Havard"]
[Black "Hjartarson, Johann"]
[Result "0-1"]
[Annotator "RC"]
[ECO "B07"]
[WhiteElo "2339"]
[BlackElo "2461"]
[PlyCount "82"]
[EventDate "2025.04.09"]
[EventType "swiss"]
[EventCountry "ISL"]
[SourceTitle "playchess.com"]
[Source "ChessBase"]
[SourceQuality "1"]
[TimeControl "40/5400+30:1800+30"]

1. e4 g6 2. d4 Bg7 3. Nf3 d6 4. Bd3 Nf6 5. O-O O-O 6. c3 Nbd7 7. Bg5 h6 8. Bh4 e5 9. Nbd2 Qe8 10. dxe5 dxe5 11. Bxf6 Nxf6 12. Qc2 Nh5 13. Rfd1 Nf4 14. Bf1 b6 15. Nc4 Bg4 16. Be2 f5 17. Ne3 Bh5 18. Nd5 fxe4 19. Qxe4 Nxe2+ 20. Qxe2 Qf7 21. Qc4 c5 22. Rd3 Rae8 23. Re1 e4 24. Rde3 b5 25. Qxc5 exf3 26. Ne7+ Kh7 27. g3 Qc4 28. Qxc4 bxc4 29. Re4 g5 30. Rxc4 Bg6 31. Rc6 Rf7 32. Rce6 Bd3 33. R1e3 Bc4 34. R6e4 Bxa2 35. h4 gxh4 36. g4 Bb1 37. Re6 Rf4 38. Kh2 Rd8 39. Re1 Bc2 40. Nc6 Rd2 41. Kh3 Rxf2 0-1